 Dungeon Crawl Stone Soup version 0.27-a0-1149-g4505690ab0 (webtiles) character file.

Game seed: 13840085252157595053

28 HoaS the Bolt Thrower (level 3, -1/21 HPs)
             Began as a Kobold Hunter on May 12, 2021.
             Succumbed to an adder's poison
             ... on level 1 of the Dungeon.
             The game lasted 00:03:24 (1754 turns).

HoaS the Bolt Thrower (Kobold Hunter)               Turns: 1754, Time: 00:03:24

Health: -1/21      AC:  6    Str: 10    XL:     3   Next: 27%
Magic:  3/3        EV: 11    Int: 12    God:
Gold:   58         SH:  0    Dex: 15    Spells: 2/2 levels left

rFire    . . .     SeeInvis .   b - +0 short sword
rCold    . . .     Faith    .   (shield restricted)
rNeg     . . .     Spirit   .   e - +0 scale mail
rPois    .         Reflect  .   (no helmet)
rElec    .         Harm     .   (no cloak)
rCorr    .         Rampage  .   (no gloves)
Will     .....                  (no boots)
Stlth    +.........             (no amulet)
HPRegen  0.07/turn              (no ring)
MPRegen  0.08/turn              (no ring)

@: lethally poisoned (-1 -> -9)
A: small, no large weapons, nightstalker 3
a: no special abilities


You were on level 1 of the Dungeon.
You visited 1 branch of the dungeon, and saw 2 of its levels.

You collected 58 gold pieces.

Inventory:

Hand Weapons
 a - a +1 hand crossbow
 b - a +0 short sword (weapon)
Missiles
 d - 20 bolts
Armour
 e - a +0 scale mail (worn)
Potions
 f - a potion of lignification {unknown}
 g - a potion of curing {unknown}


   Skills:
 - Level 2.1 Fighting
 + Level 1.8 Short Blades
 * Level 5.6 Crossbows
 - Level 2.4 Dodging
 - Level 1.3 Stealth


You had 2 spell levels left.
You didn't know any spells.
Your spell library was empty.

Dungeon Overview and Level Annotations

Branches:
Dungeon (2/15)

Altars:


Innate Abilities, Weirdness & Mutations

You are small and have problems with some larger weapons.
You are completely attuned to the shadows.


Message History

You hit the quokka.
The quokka is heavily wounded.
The quokka bites you.
You miss the quokka.
The quokka is moderately wounded.
The quokka closely misses you.
You closely miss the quokka.
The quokka is moderately wounded.
The quokka bites you. The quokka misses you.
You hit the quokka.
The quokka is heavily wounded.
The quokka barely misses you.
You hit the quokka.
The quokka is almost dead.
The quokka bites you.
* * * LOW HITPOINT WARNING * * *
You hit the quokka but do no damage.
The quokka is almost dead.
The quokka bites you but does no damage.
You hit the quokka.
You kill the quokka!
The adder bites you.
* * * LOW HITPOINT WARNING * * *
You hit the adder.
The adder is lightly wounded.
The adder barely misses you.
Okay, then.
You hit the adder.
The adder is heavily wounded.
The adder barely misses you.
You hit the adder.
The adder is severely wounded.
The adder bites you.
* * * LOW HITPOINT WARNING * * *
You are lethally poisoned!
The adder poisons you! The adder bites you.
* * * LOW HITPOINT WARNING * * *
You completely miss the adder.
The adder is severely wounded.
You die...

#[##########.. #####
#.>........... ##...##
#..######.##.) ##.###.## #..#
#.##.. ###.#####.#
#..######.##..
#......##.####.............
#.#...............#.##.###.
#.##.#.#.######..###.#.# #.
#.##..÷..S@.......###..###.
#.....÷#######.#..##....##.
###
#..###.#######....#.##.....
..## #..#
#.....>....##.###.###.
...####..###.(........##..##.#
#.
................###..........#
#(
...####.##.##.........##[.####
#. ..## #.##.##.>.####..##..#
#. .## #.##.##...# #..##..# #.


You could see an adder.

Vanquished Creatures
  3 bats (D:1)
  An endoplasm (D:1)
  A giant cockroach (D:1)
  A goblin (D:1)
  2 hobgoblins (D:1)
  2 jackals (D:1)
  4 quokkas (D:1)
  4 ball pythons (D:1)
  3 kobolds (D:1)
  5 rats (D:1)
26 creatures vanquished.

Notes
Turn   | Place    | Note
-------+----------+-------------------------------------------
     0 | D:1      | HoaS the Kobold Hunter began the quest for the Orb.
     0 | D:1      | Reached XP level 1. HP: 12/12 MP: 1/1
   157 | D:1      | Reached skill level 5 in Crossbows
   396 | D:1      | Reached skill level 1 in Short Blades
   396 | D:1      | Reached XP level 2. HP: 6/17 MP: 2/2
  1397 | D:1      | Found a faded altar of an unknown god.
  1410 | D:1      | Reached XP level 3. HP: 21/21 MP: 3/3
  1753 | D:1      | HP: 1/21 [adder (1)]
  1754 | D:1      | Succumbed to an adder's poison

Illustrated notes

Levels and vault maps discovered:
D:1:      denvon_arrival_waterhouse, layout_loops_ring,
          hellmonk_ecumenical_altar_leap_of_faith
D:2:      layout_basic, uniq_robin

Skill      XL: |  1 |
---------------+----+-----
Crossbows      | 5 |  5.6
Short Blades   | 1 |  1.8
Fighting       | |  2.1
Dodging        | |  2.4
Stealth        | |  1.3

Action                   || total
-------------------------++-------
Melee: Short sword       ||   114
  Use: Scroll            ||     1
 Stab: Sleeping          ||     3
Armor: Leather armour    ||    10
       Scale mail        ||    17
Dodge: Dodged            ||    86

Table legend: (Time is in decaauts)
 A = Elapsed time spent in this place.
 B = Non-inter-level travel time spent in this place.
 C = Inter-level travel time spent in this place.
 D = Time resting spent in this place.
 E = Time spent auto-exploring this place.
 F = Levels seen in this place.
 G = Mean time per level.
                   A        B        C        D        E       F      G
               +--------+--------+--------+--------+--------+-----+--------+
         Total |   1759 |   1751 |      8 |    899 |    597 |   2 |  879.5 |
       Dungeon |   1759 |   1751 |      8 |    899 |    597 |   2 |  879.5 |
               +--------+--------+--------+--------+--------+-----+--------+

Top non-repeatable levels by time:
     D:1: 1752 daAuts
     D:2: 6 daAuts
